 Dungeon Crawl Stone Soup version 0.21.1-1-g345015fe64 (webtiles) character file.

172 JOKERXD40 the Chopper (level 5, -6/47 HPs)
             Began as a Hill Orc Fighter on July 9, 2018.
             Killed from afar by Sigmund (8 damage)
             ... with a puff of flame
             ... on level 2 of the Dungeon.
             The game lasted 00:04:05 (1710 turns).

JOKERXD40 the Chopper (Hill Orc Fighter)            Turns: 1710, Time: 00:04:05

Health: -6/47      AC:  7    Str: 24    XL:     5   Next: 52%
Magic:  5/5        EV: 10    Int:  8    God:
Gold:   136        SH: 11    Dex: 11    Spells: 4/4 levels left

rFire    . . .     SeeInvis .   a - +0 war axe
rCold    . . .     Gourm    .   c - +1 shield
rNeg     . . .     Faith    .   b - +0 scale mail
rPois    .         Spirit   .   (no helmet)
rElec    .         Reflect  .   (no cloak)
rCorr    .         Harm     .   (no gloves)
MR       .....                  (no boots)
Stlth    ..........             (no amulet)
HPRegen  0.15/turn              j - +2 ring of evasion
MPRegen  0.09/turn              (no ring)

@: mighty
A: no striking features
a: no special abilities


You were on level 2 of the Dungeon.
You were not hungry.

You visited 1 branch of the dungeon, and saw 2 of its levels.

You collected 136 gold pieces.

Inventory:

Hand Weapons
 a - a +0 war axe (weapon)
Missiles
 k - 3 stones (quivered)
Armour
 b - a +0 scale mail (worn)
 c - a +1 shield (worn)
Jewellery
 j - a +2 ring of evasion (left hand)
Scrolls
 g - a scroll of teleportation {unknown}
 i - 2 scrolls of remove curse {unknown}
 m - a scroll of amnesia {unknown}
 n - a scroll of random uselessness {unknown}
Potions
 e - a potion of flight {unknown}
 l - a potion of cancellation {unknown}
Comestibles
 f - 3 rations


   Skills:
 + Level 4.3 Fighting
 + Level 4.6 Axes
 + Level 0.4 Throwing
 + Level 4.3 Armour
 + Level 0.6 Dodging
 + Level 4.1 Shields


You had 4 spell levels left.
You didn't know any spells.

Dungeon Overview and Level Annotations

Branches:
Dungeon (2/15)

Altars:

Annotations:
D:2 Sigmund


Message History

Something hits you.
* * * LOW HITPOINT WARNING * * *
Natasha claws you but does no damage.
You slice Natasha!!
You kill Natasha!
Natasha growls in agony!
The goblin shoots a stone.
The stone completely misses you. Something hits you but does no damage.
The goblin shoots a stone.
You block the stone.
You see here the felid corpse of Natasha.
The goblin shoots a stone.
The stone hits you but does no damage.
You see here a stone.
A dart slug comes into view.
The goblin unwields an uncursed hunting sling.
The goblin wields an uncursed dagger.
You block the goblin's attack.
You closely miss the goblin. The goblin hits you but does no damage.
You hear some strange, mumbled words.
A puff of flame appears from out of thin air!
The puff of flame hits you!
You die...

##.##.#######...#.# ...
...##.†..####...#.#....
##.....................
##..#.#....†#..........
....#.+.....#.(.#####.#
###.###.....#(...# #
#.....#.†..####.## #
#.....#..(........ # #
#######...@##....
###.## ##...g..?.#
...... #.#........
...... ..........w.
##.... ###.##....... .+
<... #.# ....... ##
.... #. #..###. ##.....
..# .......


You could see a dart slug and a goblin.

Vanquished Creatures
  A hound (D:1)
  Natasha (D:2)
  4 gnolls
  2 adders (D:2)
  An ooze (D:2)
  A worm (D:2)
  2 dart slugs (D:2)
  A leopard gecko (D:1)
  12 bats
  A giant cockroach (D:1)
  5 hobgoblins
  7 kobolds
  A quokka (D:1)
  2 ball pythons
  A frilled lizard (D:1)
  5 goblins
  6 rats
53 creatures vanquished.

Notes
Turn   | Place    | Note
-------+----------+-------------------------------------------
     0 | D:1      | JOKERXD40 the Hill Orc Fighter began the quest for the Orb.
     0 | D:1      | Reached XP level 1. HP: 19/19 MP: 1/1
   111 | D:1      | Reached XP level 2. HP: 24/27 MP: 2/2
   642 | D:1      | Reached XP level 3. HP: 21/33 MP: 3/3
   839 | D:1      | Reached XP level 4. HP: 40/40 MP: 4/4
  1231 | D:2      | Reached XP level 5. HP: 33/46 MP: 5/5
  1680 | D:2      | Noticed Sigmund
  1701 | D:2      | Noticed Natasha
  1705 | D:2      | HP: 1/47 [something (3)]
  1706 | D:2      | Killed Natasha
  1710 | D:2      | Killed from afar by Sigmund

Skill      XL: |  1  2  3  4  5 |
---------------+----------------+-----
Fighting       | 4 |  4.3
Axes           | 3 4 |  4.6
Shields        | 4 |  4.1
Armour         | 4 |  4.3
Throwing       | |  0.4
Dodging        | |  0.6

Action                   |  1- 3 |  4- 6 || total
-------------------------+-------+-------++-------
Melee: War axe           |    90 |   112 ||   202
Throw: Stone             |     6 |       ||     6
  Use: Scroll            |       |     1 ||     1
       Potion            |       |     1 ||     1
  Eat: Chunk             |       |     1 ||     1
       Ration            |       |     1 ||     1
Armor: Scale mail        |    45 |    43 ||    88
Dodge: Dodged            |    34 |    44 ||    78
Block: Shield            |    52 |    57 ||   109
